APP
BALTIMORE (APP) ORIOLES @ OREM OWLZ
09/24/2047
 
TOP OF THE 1ST
Baltimore (APP) Orioles batting - Pitching for Orem Owlz : RHP Getachew El Sayed
Pitching: RHP Getachew El Sayed
Batting: RHB Kevin Popowicz 0-0: Ball
1-0: Ball
2-0: SINGLE (Line Drive, 8RS, EV 91.2 MPH)
Batting: RHB Wil Ochoa 0-0: Called Strike
0-1: Fielders Choice at 2nd, 6-4 (Groundball, 6M, EV 101.9 MPH)
Batting: RHB Jonathan Mendoza 0-0: Called Strike
Wil Ochoa is caught stealing 2nd base 2-4
0-1: Foul Ball, location: 2F
0-2: Foul Ball, location: 2F
0-2: Ball
1-2: Ball
2-2: Foul Ball, location: 2F
2-2: Foul Ball, location: 2F
2-2: Ground out 5-3 (Groundball, 56S, EV 91.9 MPH)
Top of the 1st over - 0 runs, 1 hit, 0 errors, 0 left on base; Baltimore (APP) 0 - Orem 0
BOTTOM OF THE 1ST
Orem Owlz batting - Pitching for Baltimore (APP) Orioles : RHP Jason Turley
Pitching: RHP Jason Turley
Batting: RHB Daniel Molina 0-0: Called Strike
0-1: Foul Ball, location: 2F
0-2: Ground out 6-3 (Groundball, 6, EV 86.9 MPH)
Batting: RHB Fred Saxton 0-0: Ball
1-0: Called Strike
1-1: Ball
2-1: Foul Ball, location: 2F
2-2: Strikes out swinging
Batting: RHB Nick Lombardo 0-0: Called Strike
0-1: Foul Ball, location: 2F
0-2: Ball
1-2: Foul Ball, location: 2F
1-2: Foul Ball, location: 2F
1-2: SINGLE (Groundball, 15S, EV 66.2 MPH) (infield hit)
Batting: RHB Peter Westover 0-0: Called Strike
0-1: Ball
1-1: Ball
2-1: Ground out 1-3 (Groundball, 34S, EV 75.0 MPH)
Bottom of the 1st over - 0 runs, 1 hit, 0 errors, 1 left on base; Baltimore (APP) 0 - Orem 0
TOP OF THE 2ND
Baltimore (APP) Orioles batting - Pitching for Orem Owlz : RHP Getachew El Sayed
Batting: RHB Maup Gommers 0-0: Ball
1-0: Ball
2-0: Foul Ball, location: 2F
2-1: Swinging Strike
2-2: DOUBLE (Line Drive, 7LS, EV 108.1 MPH)
Batting: RHB Minoru Matsumoto 0-0: Ball
1-0: Ball
2-0: Called Strike
2-1: Ball
3-1: Foul Ball, location: 2F
3-2: Base on Balls
Batting: RHB Alfredo Reguera 0-0: Called Strike
0-1: Ball
1-1: Foul Ball, location: 2F
1-2: Strikes out swinging
Batting: RHB Fernando Bravo 0-0: Ball
1-0: Grounds into double play, 3-6-3 (Groundball, 34, EV 104.4 MPH)
Top of the 2nd over - 0 runs, 1 hit, 0 errors, 1 left on base; Baltimore (APP) 0 - Orem 0
BOTTOM OF THE 2ND
Orem Owlz batting - Pitching for Baltimore (APP) Orioles : RHP Jason Turley
Batting: RHB Dan Burkhart 0-0: Called Strike
0-1: Fly out, F9 (Flyball, 9S, EV 90.6 MPH)
Batting: SHB David Vigo 0-0: Swinging Strike
0-1: Fly out, F8 (Line Drive, 89M, EV 98.1 MPH)
Batting: RHB Rory Cobb 0-0: Called Strike
0-1: Foul Ball, location: 2F
0-2: Strikes out swinging
Bottom of the 2nd over - 0 runs, 0 hits, 0 errors, 0 left on base; Baltimore (APP) 0 - Orem 0
TOP OF THE 3RD
Baltimore (APP) Orioles batting - Pitching for Orem Owlz : RHP Getachew El Sayed
Batting: RHB Simon Van Steenwyk 0-0: Called Strike
0-1: Ball
1-1: Ball
2-1: Ground out 4-3 (Groundball, 4M, EV 81.2 MPH)
Batting: RHB Ruben Domingues 0-0: Ball
1-0: Foul Ball, location: 2F
1-1: Swinging Strike
1-2: Strikes out swinging
Batting: RHB Kevin Popowicz 0-0: Called Strike
0-1: Ground out 6-3 (Groundball, 6, EV 88.1 MPH)
Top of the 3rd over - 0 runs, 0 hits, 0 errors, 0 left on base; Baltimore (APP) 0 - Orem 0
BOTTOM OF THE 3RD
Orem Owlz batting - Pitching for Baltimore (APP) Orioles : RHP Jason Turley
Batting: RHB Aaron Bryant 0-0: Called Strike
0-1: Ball
1-1: Called Strike
1-2: SINGLE (Line Drive, 9LS, EV 102.5 MPH)
Batting: LHB Bill Girton 0-0: Called Strike
0-1: Fly out, F7 (Flyball, 7, EV 84.4 MPH)
Batting: RHB Daniel Molina 0-0: DOUBLE (Line Drive, 5D, EV 95.6 MPH)
Aaron Bryant to third
Batting: RHB Fred Saxton 0-0: Ball
1-0: Ball
2-0: Swinging Strike
2-1: Foul Ball, location: 2F
2-2: Strikes out swinging
Batting: RHB Nick Lombardo 0-0: Ball
1-0: Ball
Wild Pitch!
Aaron Bryant scores
Daniel Molina to third
2-0: Called Strike
2-1: Ball
3-1: Foul Ball, location: 2F
3-2: Base on Balls
Batting: RHB Peter Westover 0-0: Ball
1-0: Ball
2-0: Called Strike
2-1: SINGLE (Groundball, 6MD, EV 103.8 MPH)
Daniel Molina scores
Nick Lombardo to second
Runner from 2nd tries for 3rd, OUT! 8-5
Bottom of the 3rd over - 2 runs, 3 hits, 0 errors, 1 left on base; Baltimore (APP) 0 - Orem 2
TOP OF THE 4TH
Baltimore (APP) Orioles batting - Pitching for Orem Owlz : RHP Getachew El Sayed
Batting: RHB Wil Ochoa 0-0: Ball
1-0: Ball
2-0: Ball
3-0: Called Strike
3-1: Foul Ball, location: 2F
3-2: Fly out, F7 (Flyball, 78M, EV 90.0 MPH)
Batting: RHB Jonathan Mendoza 0-0: Called Strike
0-1: Swinging Strike
0-2: Ball
1-2: Foul Ball, location: 2F
1-2: Ball
2-2: Strikes out swinging
Batting: RHB Maup Gommers 0-0: Ground out 6-3 (Groundball, 6, EV 88.1 MPH)
Top of the 4th over - 0 runs, 0 hits, 0 errors, 0 left on base; Baltimore (APP) 0 - Orem 2
BOTTOM OF THE 4TH
Orem Owlz batting - Pitching for Baltimore (APP) Orioles : RHP Jason Turley
Batting: RHB Dan Burkhart 0-0: Fly out, F8 (Flyball, 89S, EV 71.2 MPH)
Batting: SHB David Vigo 0-0: Ball
1-0: Ball
2-0: Foul Ball, location: 2F
2-1: Called Strike
2-2: Foul Ball, location: 2F
2-2: Foul Ball, location: 2F
2-2: Foul Ball, location: 2F
2-2: Ball
3-2: Foul Ball, location: 2F
3-2: Strikes out looking
Batting: RHB Rory Cobb 0-0: Fly out, F3 (Popup, 3F, EV 75.6 MPH)
Bottom of the 4th over - 0 runs, 0 hits, 0 errors, 0 left on base; Baltimore (APP) 0 - Orem 2
TOP OF THE 5TH
Baltimore (APP) Orioles batting - Pitching for Orem Owlz : RHP Getachew El Sayed
Batting: RHB Minoru Matsumoto 0-0: Called Strike
0-1: Foul Ball, location: 2F
0-2: Ball
1-2: Ball
2-2: Ball
3-2: Base on Balls
Batting: RHB Alfredo Reguera 0-0: Ball
1-0: Ball
2-0: Foul Ball, location: 2F
2-1: Foul Ball, location: 2F
2-2: Ball
3-2: Foul Ball, location: 2F
3-2: Base on Balls
Minoru Matsumoto to second
DELAY Rain delay of 61 minutes in the 5th inning.
Pitching: RHP Kunihiro Sasaki
Pinch Hitting: LHB Sam Williams 0-0: Ball
1-0: Ball
2-0: Ball
3-0: Base on Balls
Minoru Matsumoto to third
Alfredo Reguera to second
Batting: RHB Simon Van Steenwyk 0-0: Ball
1-0: Swinging Strike
1-1: Called Strike
1-2: Ball
2-2: Strikes out swinging
Pinch Hitting: SHB Chris Wright 0-0: Ball
1-0: Ball
2-0: Fly out, F8 (Flyball, 78D, EV 90.6 MPH)
Batting: RHB Kevin Popowicz 0-0: Swinging Strike
0-1: Foul Ball, location: 2F
0-2: Foul Ball, location: 2F
0-2: Ball
1-2: Ball
2-2: Ball
3-2: Fly out, F8 (Flyball, 78D, EV 106.9 MPH)
Top of the 5th over - 0 runs, 0 hits, 0 errors, 3 left on base; Baltimore (APP) 0 - Orem 2
BOTTOM OF THE 5TH
Orem Owlz batting - Pitching for Baltimore (APP) Orioles : RHP Jason Turley
Now at SS: Chris Wright
Now in LF: Pat Fontana
Now in CF: Wil Ochoa
Batting: RHB Aaron Bryant 0-0: Ball
1-0: Foul Ball, location: 2F
1-1: Ball
2-1: Ball
3-1: Base on Balls
Batting: LHB Bill Girton 0-0: Called Strike
0-1: Called Strike
0-2: Ball
1-2: Strikes out swinging
Batting: RHB Daniel Molina 0-0: Ball
1-0: Foul Ball, location: 2F
1-1: Ball
2-1: Ball
3-1: Foul Ball, location: 2F
3-2: Strikes out swinging
Batting: RHB Fred Saxton 0-0: Ball
1-0: DOUBLE (Line Drive, 89XD, EV 106.9 MPH)
Aaron Bryant to third
Batting: RHB Nick Lombardo 0-0: Ball
1-0: Foul Ball, location: 2F
1-1: Fly out, F9 (Flyball, 9D, EV 107.5 MPH)
Bottom of the 5th over - 0 runs, 1 hit, 0 errors, 2 left on base; Baltimore (APP) 0 - Orem 2
TOP OF THE 6TH
Baltimore (APP) Orioles batting - Pitching for Orem Owlz : RHP Kunihiro Sasaki
Batting: RHB Wil Ochoa 0-0: Called Strike
0-1: Foul Ball, location: 2F
0-2: Foul Ball, location: 2F
0-2: Ball
1-2: Strikes out swinging
Batting: RHB Jonathan Mendoza 0-0: Foul Ball, location: 2F
0-1: Swinging Strike
0-2: Ball
1-2: Strikes out swinging
Batting: RHB Maup Gommers 0-0: Ball
1-0: Ball
2-0: Ball
3-0: Base on Balls
Pitching: RHP Arnold Frye
Batting: RHB Minoru Matsumoto 0-0: Swinging Strike
0-1: Ball
1-1: Foul Ball, location: 2F
1-2: Strikes out swinging
Top of the 6th over - 0 runs, 0 hits, 0 errors, 1 left on base; Baltimore (APP) 0 - Orem 2
BOTTOM OF THE 6TH
Orem Owlz batting - Pitching for Baltimore (APP) Orioles : RHP Jason Turley
Pitching: RHP Justin Swanson
Batting: RHB Peter Westover 0-0: Called Strike
0-1: Swinging Strike
0-2: Ball
1-2: Strikes out swinging
Batting: RHB Dan Burkhart 0-0: SOLO HOME RUN (Flyball, 7D, EV 103.1 MPH), Distance : 385 ft
Batting: SHB David Vigo 0-0: Foul Ball, location: 2F
0-1: Ball
1-1: SINGLE (Groundball, 4D, EV 101.2 MPH)
Batting: RHB Rory Cobb 0-0: Fly out, F9 (Flyball, 89M, EV 92.5 MPH)
Batting: RHB Aaron Bryant 0-0: Called Strike
0-1: Foul Ball, location: 2F
0-2: Strikes out swinging
Bottom of the 6th over - 1 run, 2 hits, 0 errors, 1 left on base; Baltimore (APP) 0 - Orem 3
TOP OF THE 7TH
Baltimore (APP) Orioles batting - Pitching for Orem Owlz : RHP Arnold Frye
Batting: RHB Alfredo Reguera 0-0: Ground out 3-1 (Groundball, 34, EV 88.1 MPH)
Batting: LHB Pat Fontana 0-0: Ball
1-0: Foul Ball, location: 2F
1-1: Ground out 6-3 (Groundball, 6, EV 101.2 MPH)
Batting: RHB Simon Van Steenwyk 0-0: Foul Ball, location: 2F
0-1: Ball
1-1: SINGLE (Line Drive, 89M, EV 103.1 MPH)
Batting: SHB Chris Wright 0-0: Ball
1-0: Ball
2-0: Ball
3-0: Base on Balls
Simon Van Steenwyk to second
Batting: RHB Kevin Popowicz 0-0: Ball
1-0: Ball
2-0: Called Strike
2-1: Called Strike
2-2: Foul Ball, location: 2F
2-2: Fly out, F5 (Popup, 5SF, EV 75.6 MPH)
Top of the 7th over - 0 runs, 1 hit, 0 errors, 2 left on base; Baltimore (APP) 0 - Orem 3
BOTTOM OF THE 7TH
Orem Owlz batting - Pitching for Baltimore (APP) Orioles : RHP Justin Swanson
Batting: LHB Bill Girton 0-0: Foul Ball, location: 2F
0-1: Ball
1-1: Swinging Strike
1-2: Ball
2-2: Strikes out swinging
Batting: RHB Daniel Molina 0-0: Fly out, F7 (Flyball, 7S, EV 83.8 MPH)
Batting: RHB Fred Saxton 0-0: Ball
1-0: Called Strike
1-1: Ball
2-1: Foul Ball, location: 2F
2-2: Strikes out swinging
Bottom of the 7th over - 0 runs, 0 hits, 0 errors, 0 left on base; Baltimore (APP) 0 - Orem 3
TOP OF THE 8TH
Baltimore (APP) Orioles batting - Pitching for Orem Owlz : RHP Arnold Frye
Pitching: RHP Jeff Shelton
Batting: RHB Wil Ochoa 0-0: Ball
1-0: Ball
2-0: Ball
3-0: Base on Balls
Batting: RHB Jonathan Mendoza 0-0: 2-RUN HOME RUN (Flyball, 9D, EV 95.6 MPH), Distance : 371 ft
Batting: RHB Maup Gommers 0-0: Ground out 4-3 (Groundball, 4, EV 78.1 MPH)
Batting: RHB Minoru Matsumoto 0-0: Called Strike
0-1: Fly out, F9 (Flyball, 89M, EV 87.5 MPH)
Batting: RHB Alfredo Reguera 0-0: Ball
1-0: Foul Ball, location: 2F
1-1: Ball
2-1: Ball
3-1: Base on Balls
Batting: LHB Pat Fontana 0-0: Ball
1-0: Ball
2-0: Ball
3-0: Base on Balls
Alfredo Reguera to second
Batting: RHB Simon Van Steenwyk 0-0: Ball
1-0: Called Strike
1-1: Fielders Choice at 2nd, 6-4 (Groundball, 6, EV 86.2 MPH)
Top of the 8th over - 2 runs, 1 hit, 0 errors, 2 left on base; Baltimore (APP) 2 - Orem 3
BOTTOM OF THE 8TH
Orem Owlz batting - Pitching for Baltimore (APP) Orioles : RHP Justin Swanson
Batting: RHB Nick Lombardo 0-0: Ball
1-0: Foul Ball, location: 2F
1-1: Ball
2-1: Swinging Strike
2-2: Strikes out looking
Batting: RHB Peter Westover 0-0: Ball
1-0: SINGLE (Groundball, 34D, EV 108.8 MPH)
Batting: RHB Dan Burkhart 0-0: Ball
Peter Westover steals 2nd base
1-0: Intentional Walk
Batting: SHB David Vigo 0-0: Ball
1-0: Ball
2-0: Called Strike
2-1: Swinging Strike
2-2: Ball
3-2: Foul Ball, location: 2F
3-2: Strikes out looking
Batting: RHB Rory Cobb 0-0: Called Strike
0-1: Ball
1-1: Foul Ball, location: 2F
1-2: Fielders Choice at 2nd, U4 (Groundball, 4M, EV 84.4 MPH)
Bottom of the 8th over - 0 runs, 1 hit, 0 errors, 2 left on base; Baltimore (APP) 2 - Orem 3
TOP OF THE 9TH
Baltimore (APP) Orioles batting - Pitching for Orem Owlz : RHP Jeff Shelton
Pitching: RHP Jon Trujillo
Batting: SHB Chris Wright 0-0: Called Strike
0-1: Ball
1-1: Ball
2-1: Swinging Strike
2-2: Ground out 4-3 (Groundball, 4, EV 86.2 MPH)
Batting: RHB Kevin Popowicz 0-0: Foul Ball, location: 2F
0-1: Swinging Strike
0-2: Foul Ball, location: 2F
0-2: Ball
1-2: Ball
2-2: Strikes out swinging
Batting: RHB Wil Ochoa 0-0: Ball
1-0: Ball
2-0: Ball
3-0: Called Strike
3-1: Called Strike
3-2: Strikes out swinging
Top of the 9th over - 0 runs, 0 hits, 0 errors, 0 left on base; Baltimore (APP) 2 - Orem 3
Thursday, December 15th , 2022 - OOTP Baseball 23.9 Build 102